 Dungeon Sprint DCSS version bcrawl-1.15.1 (webtiles) character file.

Game seed: 1238417393588336111

4495 Kerapac the Bludgeoner (level 10, -9/93 HPs)
             Began as an Oni Archaeologist on Oct 3, 2019.
             Was an Initiate of Gozag.
             Engulfed by a death drake's foul pestilence (16 damage)
             ... in the Dungeon (Sprint II: "The Violet Keep of Menkaure").
             The game lasted 00:13:46 (2280 turns).

Kerapac the Bludgeoner (Oni Archaeologist)          Turns: 2280, Time: 00:13:47

Health: -9/93      AC: 20    Str: 15    XL:     10   Next: 38%
Magic:  27/27      EV: 10    Int: 17    God:    Gozag
Gold:   309        SH:  0    Dex: 11    Spells: 22/32 levels left

rFire    . . .     SeeInvis .   f - +6 shillelagh "Devastator" {shatter}
rCold    . . .     Gourm    .   (no shield)
rNeg     . . .     Faith    .   u - +2 scale mail {MR+}
rPois    .         Spirit   .   c - +1 hat
rElec    .         Reflect  .   (no cloak)
rCorr    .         Harm     .   (no gloves)
MR       +....     NoTele   +   j - +2 pair of boots {Stlth++}
Stlth    +.........             (no amulet)
HPRegen  0.25/turn              t - ring of flight
MPRegen  0.20/turn              p - ring of Robustness {AC+8}

@: lethally poisoned (-9 -> -29), gold aura, slowed, very slow
A: oni magic, claws 1, fangs 1, horns 1
a: Potion Petition, Call Merchant, Bribe Branch, Renounce Religion, Evoke Flight


You were in the Dungeon.
You worshipped Gozag.
Gozag was aware of your devotion.
You were hungry.

You visited 1 branch You collected 2715 gold pieces.
You spent 2238 gold pieces at shops.
You paid 168 gold pieces to Gozag.

Inventory:

Hand Weapons
 a - a +0 whip
 f - the +6 shillelagh "Devastator" (weapon) {shatter}
Armour
 b - a +1 animal skin
 c - a +1 hat (worn)
 d - a +1 pair of boots
 j - a +2 pair of boots of stealth (worn)
 u - a +2 scale mail of magic resistance (worn)
Jewellery
 p - the ring of Robustness (right claw) {AC+8}
   (You bought it in a shop in the Dungeon)

   [ring of protection]

   It affects your AC (+8).
 t - a ring of flight (left claw)
Scrolls
 e - 5 scrolls of identify
 i - a scroll of fog
 m - 3 scrolls of blinking
 n - a scroll of remove curse
 q - a scroll of immolation
 r - a scroll of amnesia
Potions
 h - a potion of curing
 k - 5 potions of magic
 l - 4 potions of flight
 o - 2 potions of mutation
 s - 4 potions of resistance
Comestibles
 g - 3 rations {!d}


   Skills:
 * Level 9.8 Fighting
 + Level 15.6 Maces & Flails
 - Level 2.6 Dodging
 - Level 2.6 Stealth
 - Level 11.9 Spellcasting


You had 22 spell levels left.
You knew the following spells:

 Your Spells              Type           Power        Failure   Level  Hunger
a - Summon Small Mammal   Summ           ####         1%          1    None
b - Poisonous Vapours     Pois/Air       ######       1%          2    None
c - Ozocubu's Armour      Chrm/Ice       ######..     1%          3    None
d - Fulminant Prism       Conj/Hex       ######....   2%          4    ##.....

Your spell library contained the following spells:

 Spells                   Type           Power        Failure   Level  Hunger
 Passage of Golubria      Tloc           N/A          3%          5    ####...


Dungeon Overview and Level Annotations

Branches:
Dungeon (1/1)

Altars:
Cheibriados
Dithmenos
Elyvilon
Fedhas
Gozag
Hepliaklqana
Kikubaaqudgha
Lugonu
Makhleb
Nemelex Xobeh
Okawaru
Qazlal
Ru
Sif Muna
Trog
Uskayaw
Vehumet
Wu Jian
Xom
Yredelemnul
Zin
The Shining One
Beogh
Jiyva

Shops:
D [=:!%:[![=*}!(%?

Annotations:
D exclusion: oklob plant, Roxanne


Innate Abilities, Weirdness & Mutations

You learn spells by gaining experience, not through books or religion.
You only train spellcasting to practice magic.
You have sharp fingernails.
You have very sharp teeth.
You have a pair of small horns on your head.


Message History

Your unstable footing causes you to fumble your attack.
You are engulfed in dark miasma.
You are lethally poisoned!
* * * LOW HITPOINT WARNING * * *
x2 You feel very sick.
The death drake bites you.
* * * LOW HITPOINT WARNING * * *
You feel better. The death drake breathes miasma at you.
The foul vapour misses you. The death drake bites you.
* * * LOW HITPOINT WARNING * * *
Your unstable footing causes you to fumble your attack.
You are engulfed in dark miasma.
You are lethally poisoned!
* * * LOW HITPOINT WARNING * * *
x2 You feel sick.
The death drake barely misses you.
You feel better.
You are engulfed in dark miasma.
You are lethally poisoned!
You die...
Your body crumbles into a pile of gold.

##..*,$***#.*,k#="▓..[[(...▓▓,⌠,*
.##.####$,+.##.#=)▓((...[.[▓▓,,$*
..#....#,,*^..####▓.[.....(▓▓,,,*
.####..##**#.^##.#▓.(..[(..▓▓,,,*
###.##..#$,+..#..#▓......(.▓▓,$,*
##...#..#,,#..#..#▓......(.▓▓$⌠,*
.'.#.'..####..##°#▓.)(.((..▓▓,,,*
##.).#....###.°°##▓▓▓▓▓▓▓'▓▓▓▓+▓*
###.##......≈≈°k@°°≈≈≈§§≈...≈≈≈▓,
.####≈≈.....≈#°########§###.≈≈≈▓,
#.#≈≈§≈≈≈≈..≈#°_._._..#§≈≈##≈≈≈▓$
.##≈§≈≈≈§§§.≈#.._._._.#§≈≈§####▓*
##≈≈≈≈§§≈§≈≈≈#._._._._#§§§≈≈#*$$*
≈≈≈≈≈§§≈§§≈≈≈#_._._._.#§§§§§§#$,*
+++#≈≈§§≈§§≈≈#._._._..#≈≈§≈§≈+$$+
≈§≈##≈≈≈###≈≈#_._._...#≈≈§≈§§#$,*
≈§§≈##≈§#,#§§#._._....#≈§≈≈§§▓$$*


You could see a death drake.

Vanquished Creatures
  A kraken (D)
  A merfolk siren (D)
  A yaktaur (D)
  3 polar bears (D)
  2 tyrant leeches (D)
  A hornet (D)
  2 hippogriffs (D)
  A swamp drake (D)
  4 necrophages (D)
  4 crocodiles (D)
  A scorpion (D)
  4 tentacles (D)
25 creatures vanquished.

Vanquished Creatures (others)
  Menkaure (D)
  A crocodile (D)
  26 tentacles (D)
28 creatures vanquished.

Grand Total: 53 creatures vanquished

Notes
Turn   | Place    | Note
-------+----------+-------------------------------------------
     0 | D        | Kerapac the Oni Archaeologist began the quest for the Orb.
     0 | D        | Reached XP level 1. HP: 16/16 MP: 3/3
     1 | D        | Noticed a tyrant leech
     1 | D        | Noticed a tyrant leech
     5 | D        | Noticed a necrophage
     5 | D        | Noticed a necrophage
     5 | D        | Noticed a necrophage
     5 | D        | Noticed a necrophage
    11 | D        | Killed a necrophage
    11 | D        | Reached skill level 5 in Spellcasting
    11 | D        | Reached XP level 2. HP: 23/23 MP: 3/10
    11 | D        | Reached XP level 3. HP: 28/28 MP: 3/12
    11 | D        | Reached XP level 4. HP: 35/35 MP: 3/13
    18 | D        | Killed a necrophage
    18 | D        | Reached XP level 5. HP: 40/40 MP: 3/17
    22 | D        | Killed a necrophage
    22 | D        | Reached skill level 8 in Maces & Flails
    22 | D        | Reached XP level 6. HP: 47/47 MP: 4/18
    28 | D        | Killed a necrophage
    28 | D        | Reached skill level 10 in Maces & Flails
    55 | D        | Learned a level 1 spell: Summon Small Mammal
    58 | D        | Learned a level 2 spell: Poisonous Vapours
    62 | D        | Learned a level 3 spell: Ozocubu's Armour
    63 | D        | Noticed a hippogriff
    63 | D        | Noticed a hippogriff
    70 | D        | Killed a hippogriff
    70 | D        | Reached skill level 12 in Maces & Flails
    70 | D        | Reached XP level 7. HP: 34/52 MP: 10/20
    74 | D        | Killed a hippogriff
    74 | D        | Reached skill level 13 in Maces & Flails
   208 | D        | Noticed a merfolk siren
   221 | D        | Killed Menkaure
   224 | D        | Killed a merfolk siren
   224 | D        | Reached skill level 14 in Maces & Flails
   224 | D        | Reached XP level 8. HP: 42/59 MP: 15/22
   329 | D        | Found Yleliofy's Antique Weapon Shoppe.
   329 | D        | Found Faadd's Food Shoppe.
   329 | D        | Found Zaotang's Gadget Emporium.
   329 | D        | Found Rurhe's Distillery.
   329 | D        | Found Yquts's Jewellery Shoppe.
   329 | D        | Found Roapung's General Store.
   330 | D        | Found Marrouk's Antique Armour Shoppe.
   330 | D        | Found Eriete's Distillery.
   331 | D        | Found Caizeco's Armour Shoppe.
   331 | D        | Found Owowexaq's Book Emporium.
   331 | D        | Noticed a polar bear
   332 | D        | Found Unuicvim's Magic Scroll Emporium.
   332 | D        | Noticed a wyvern
   333 | D        | Found Hetix's Food Shoppe.
   333 | D        | Found Juenwef's Distillery.
   333 | D        | Noticed a polar bear
   333 | D        | Noticed an oklob plant
   334 | D        | Found Beudgh's Jewellery Shoppe.
   334 | D        | Found Caifoyde's Antique Armour Emporium.
   334 | D        | Found Vago's Book Shoppe.
   335 | D        | Noticed a wyvern
   564 | D        | Noticed a manticore
   565 | D        | Noticed a manticore
   567 | D        | Noticed a manticore
   578 | D        | Learned a level 4 spell: Fulminant Prism
   581 | D        | Bought a scroll of identify for 28 gold pieces
   581 | D        | Bought a scroll of blinking for 105 gold pieces
   581 | D        | Bought a scroll of fog for 28 gold pieces
   581 | D        | Bought a scroll of blinking for 105 gold pieces
   581 | D        | Bought a scroll of identify for 28 gold pieces
   581 | D        | Bought a scroll of magic mapping for 49 gold pieces
   587 | D        | Bought a potion of haste for 120 gold pieces
   860 | D        | Noticed Roxanne
   869 | D        | Found a glowing silver altar of Zin.
   869 | D        | Found a radiant altar of Vehumet.
   870 | D        | Found a glowing golden altar of the Shining One.
   870 | D        | Found a basalt altar of Yredelemnul.
   870 | D        | Found a hide-covered altar of Uskayaw.
   871 | D        | Found a shimmering altar of Xom.
   871 | D        | Found a bloodstained altar of Trog.
   871 | D        | Found a burning altar of Makhleb.
   872 | D        | Found an ornate altar of the Wu Jian Council.
   872 | D        | Found a shimmering blue altar of Sif Muna.
   872 | D        | Found a corrupted altar of Lugonu.
   873 | D        | Found a sacrificial altar of Ru.
   873 | D        | Found an ancient bone altar of Kikubaaqudgha.
   873 | D        | Found a white marble altar of Elyvilon.
   874 | D        | Found a stormy altar of Qazlal.
   874 | D        | Found a viscous altar of Jiyva.
   874 | D        | Found a shadowy altar of Dithmenos.
   875 | D        | Found a hazy altar of Hepliaklqana.
   875 | D        | Found a snail-covered altar of Cheibriados.
   876 | D        | Found a roughly hewn altar of Beogh.
   876 | D        | Found a sparkling altar of Nemelex Xobeh.
   876 | D        | Found a blossoming altar of Fedhas.
   876 | D        | Noticed a hornet
   876 | D        | Noticed a polar bear
   877 | D        | Found an opulent altar of Gozag.
   877 | D        | Found an iron altar of Okawaru.
   877 | D        | Noticed a yaktaur
   886 | D        | Became a worshipper of Gozag Ym Sagoz the Greedy
   893 | D        | Noticed a polar bear
   894 | D        | Noticed a polar bear
   902 | D        | Killed a polar bear
   905 | D        | Killed a polar bear
   905 | D        | Reached skill level 10 in Spellcasting
   907 | D        | Killed a hornet
   907 | D        | Reached XP level 9. HP: 6/64 MP: 23/25
   909 | D        | Killed a yaktaur
   910 | D        | Killed a polar bear
  1183 | D        | Noticed a kraken
  1817 | D        | Killed a kraken
  1817 | D        | Reached skill level 15 in Maces & Flails
  1817 | D        | Reached XP level 10. HP: 38/90 MP: 27/27
  2039 | D        | Noticed a death drake
  2090 | D        | Bought a pair of embroidered boots for 172 gold pieces
  2105 | D        | Bought the ring of Robustness {AC+8} for 1280 gold pieces
  2105 | D        | Found the ring of Robustness {AC+8}
  2108 | D        | Bought a runed scale mail for 203 gold pieces
  2227 | D        | Bought a ration for 60 gold pieces
  2227 | D        | Bought a ration for 60 gold pieces
  2279 | D        | HP: 4/93 [death drake] (7)]
  2280 | D        | Engulfed by a death drake's foul pestilence

Skill      XL: |  1  2  3  4  5  6  7  8  9 10 |
---------------+-------------------------------+-----
Spellcasting   | 5 7 8 10 11 | 11.9
Maces & Flails | 8 12 14 15 | 15.6
Fighting       | 8 9 |  9.8
Dodging        | |  2.6
Stealth        | |  2.6

Action                   |  1- 3 |  4- 6 |  7- 9 | 10-12 || total
-------------------------+-------+-------+-------+-------++-------
Melee: Whip              |     3 |     9 |       |       ||    12
       Headbutt          |     2 |     6 |     7 |     2 ||    17
       Shillelagh        |       |     8 |    56 |    22 ||    86
       Bite              |       |     1 |    11 |       ||    12
 Cast: Summon Small Mamm |       |     3 |     4 |       ||     7
       Ozocubu's Armour  |       |       |     1 |       ||     1
Invok: Potion Petition   |       |       |     2 |       ||     2
 Abil: Evoke Flight      |       |       |     1 |       ||     1
  Use: Potion            |     2 |     1 |     2 |     5 ||    10
       Scroll            |       |       |     8 |       ||     8
 Stab: Distracted        |       |       |       |     1 ||     1
  Eat: Ration            |       |       |     1 |       ||     1
Armor: Animal skin       |       |     6 |    11 |       ||    17
       Scale mail        |       |       |       |    12 ||    12
Dodge: Dodged            |       |     8 |    31 |     9 ||    48
